General information
- name: BNet
- type: Ladder team game (AT/RT)
- host: Battle.net
- saver: HI_IM_NEWB
map: Deadlock
- players: 8
- length: 19:13
- speed: Fast
- version: 1.26 W3XP
- replay type: Public
» download(152 KB)
Players
team 1 (loser)

»
woah.dude. (
yellow | 50 APM | 775 actions | 15:29)
4 Mountain King
2 Storm Bolt
2 Bash
» actions
| Assign group hotkey | 14 | |
| Basic commands | 9 | |
| Build / train | 45 | |
| Enter build submenu | 21 | |
| Enter hero's abilities submenu | 4 | |
| Right click | 302 | |
| Select / deselect | 172 | |
| Select group hotkey | 173 | |
| Use ability | 35 | |
775 total
» units
| Peasant | 8 | |
| Footman | 4 | |
| Rifleman | 7 | |
| Siege Engine | 4 | |
23 total
» upgrades
| Masonry | 2 | |
| Gunpowder | 3 | |
| Plating | 1 | |
| Long Rifles | 1 | |
| Barrage | 1 | |
8 total
» buildings
| Altar of Kings | 1 | |
| Farm | 10 | |
| Barracks | 1 | |
| Lumber Mill | 1 | |
| Blacksmith | 1 | |
| Keep | 1 | |
| Scout Tower | 2 | |
| Castle | 2 | |
| Guard Tower | 1 | |
| Workshop | 3 | |
23 total
» build order
00:08 Altar of Kings
00:11 Farm
00:36 Barracks
01:25 Farm
02:22 Lumber Mill
02:32 Blacksmith
02:38 Farm
03:25 Keep
05:32 Scout Tower
05:34 Scout Tower
05:43 Farm
05:48 Castle
05:48 Castle
05:54 Farm
06:06 Guard Tower
06:42 Farm
07:57 Farm
08:44 Workshop
08:46 Workshop
08:49 Farm
09:45 Workshop
10:01 Farm
11:20 Farm
» items
| Scroll of Town Portal | 1 | |
| Potion of Healing | 3 | |
4 total
preztal (
blue | 32 APM | 609 actions | 19:01)
3 Dreadlord
1 Vampiric Aura
2 Carrion Swarm
» actions
| Basic commands | 3 | |
| Build / train | 61 | |
| Enter build submenu | 21 | |
| Enter hero's abilities submenu | 3 | |
| Remove unit from queue | 5 | |
| Right click | 313 | |
| Select / deselect | 179 | |
| Use ability | 24 | |
609 total
» units
| Acolyte | 9 | |
| Ghoul | 20 | |
| Abomination | 4 | |
| Druid of the Talon | -1 | |
| Hippogryph | 4 | |
36 total
» upgrades
| Cannibalize | 1 | |
| Unholy Strength | 1 | |
| Ghoul Frenzy | 1 | |
3 total
» buildings
| Crypt | 1 | |
| Altar of Darkness | 1 | |
| Graveyard | 1 | |
| Ziggurat | 11 | |
| Spirit Tower | 8 | |
| Tomb of Relics | 1 | |
| Halls of the Dead | 1 | |
| Slaughterhouse | 1 | |
| Black Citadel | 1 | |
| Nerubian Tower | 2 | |
28 total
» build order
00:04 Crypt
00:07 Altar of Darkness
01:03 Graveyard
01:21 Ziggurat
01:33 Ziggurat
01:42 Ziggurat
02:37 Ziggurat
03:03 Ziggurat
04:11 Ziggurat
04:16 Ziggurat
05:35 Spirit Tower
06:20 Spirit Tower
07:54 Spirit Tower
07:56 Spirit Tower
07:58 Spirit Tower
08:12 Tomb of Relics
08:35 Ziggurat
09:21 Halls of the Dead
10:08 Spirit Tower
11:28 Ziggurat
11:30 Spirit Tower
11:44 Slaughterhouse
11:49 Black Citadel
11:55 Ziggurat
12:42 Ziggurat
12:48 Spirit Tower
12:56 Nerubian Tower
13:40 Nerubian Tower
» items
Ellusionist (
teal | 59 APM | 1140 actions | 19:12)
3 Tauren Chieftain
1 War Stomp
2 Shockwave
» actions
| Build / train | 40 | |
| Enter build submenu | 11 | |
| Enter hero's abilities submenu | 3 | |
| Remove unit from queue | 3 | |
| Right click | 926 | |
| Select / deselect | 135 | |
| Use ability | 22 | |
1140 total
» units
» upgrades
| Berserker Strength | 1 | |
| Shaman Training | 2 | |
| Melee Weapons | 1 | |
| Armor | 1 | |
5 total
» buildings
| Barracks | 2 | |
| Orc Burrow | 6 | |
| Altar of Storms | 1 | |
| Stronghold | 2 | |
| Spirit Lodge | 1 | |
| Fortress | 1 | |
| War Mill | 1 | |
| Tauren Totem | 1 | |
15 total
» build order
01:00 Barracks
01:23 Orc Burrow
01:24 Orc Burrow
02:06 Altar of Storms
05:14 Stronghold
05:14 Stronghold
08:20 Spirit Lodge
10:02 Fortress
10:10 War Mill
11:38 Orc Burrow
11:39 Orc Burrow
11:40 Orc Burrow
16:59 Orc Burrow
17:04 Barracks
18:39 Tauren Totem
APEsh1t (
pink | 31 APM | 574 actions | 18:37)
3 Keeper of the Grove
2 Force of Nature
1 Entangling Roots
» actions
| Assign group hotkey | 4 | |
| Build / train | 42 | |
| Enter build submenu | 29 | |
| Enter hero's abilities submenu | 3 | |
| Remove unit from queue | 6 | |
| Right click | 205 | |
| Select / deselect | 236 | |
| Select group hotkey | 6 | |
| Use ability | 43 | |
574 total
» units
| Wisp | 27 | |
| Chimaera | 2 | |
| Hippogryph | 4 | |
33 total
» buildings
| Hunter's Hall | 1 | |
| Moon Well | 8 | |
| Ancient Protector | 12 | |
| Altar of Elders | 1 | |
| Tree of Ages | 1 | |
| Tree of Life | 1 | |
| Tree of Eternity | 1 | |
| Ancient of Wind | 1 | |
| Chimaera Roost | 3 | |
29 total
» build order
01:00 Hunter's Hall
01:13 Moon Well
02:11 Ancient Protector
02:29 Altar of Elders
03:19 Ancient Protector
03:53 Ancient Protector
04:33 Ancient Protector
04:52 Ancient Protector
05:02 Ancient Protector
06:06 Ancient Protector
06:20 Moon Well
07:26 Ancient Protector
07:48 Ancient Protector
08:27 Tree of Ages
11:53 Tree of Life
11:56 Tree of Eternity
12:08 Ancient of Wind
14:45 Chimaera Roost
14:46 Chimaera Roost
14:47 Chimaera Roost
15:16 Ancient Protector
15:30 Ancient Protector
15:32 Ancient Protector
16:33 Moon Well
16:35 Moon Well
16:38 Moon Well
17:28 Moon Well
17:32 Moon Well
17:45 Moon Well
» items
team 2 (winner)

»
IAmIdrADoUGetIt (
green | 144 APM | 2774 actions | 19:12)
5 Far Seer
2 Feral Spirit
3 Chain Lighting
4 Shadow Hunter
2 Serpent Ward
2 Healing Wave
2 Tauren Chieftain
1 Endurance Aura
1 War Stomp
» actions
| Assign group hotkey | 103 | |
| Basic commands | 278 | |
| Build / train | 84 | |
| ESC pressed | 2 | |
| Enter build submenu | 41 | |
| Enter hero's abilities submenu | 11 | |
| Give item / drop item | 4 | |
| Right click | 1084 | |
| Select / deselect | 641 | |
| Select group hotkey | 406 | |
| Use ability | 120 | |
2774 total
» units
| Peon | 32 | |
| Grunt | 6 | |
| Troll Witch Doctor | 3 | |
| Troll Batrider | 3 | |
| Wind Rider | 1 | |
| Shaman | 1 | |
46 total
» upgrades
| Shaman Training | 2 | |
| Witch Doctor Training | 3 | |
| Ensnare | 1 | |
6 total
» buildings
| Barracks | 1 | |
| Altar of Storms | 1 | |
| Orc Burrow | 7 | |
| Voodoo Lounge | 3 | |
| Stronghold | 3 | |
| War Mill | 3 | |
| Great Hall | 2 | |
| Watch Tower | 15 | |
| Spirit Lodge | 2 | |
| Fortress | 1 | |
| Beastiary | 2 | |
40 total
» build order
00:23 Barracks
00:34 Altar of Storms
00:47 Orc Burrow
01:45 Orc Burrow
02:09 Voodoo Lounge
04:00 Stronghold
04:00 Stronghold
04:14 Orc Burrow
05:32 War Mill
05:49 Orc Burrow
07:07 Great Hall
07:10 Watch Tower
07:11 Watch Tower
07:22 Spirit Lodge
08:33 Watch Tower
08:47 Orc Burrow
10:10 Spirit Lodge
10:46 Fortress
11:26 Beastiary
11:27 Beastiary
12:10 Watch Tower
12:11 Watch Tower
12:12 Watch Tower
12:14 Watch Tower
13:41 Voodoo Lounge
13:42 Voodoo Lounge
13:47 Watch Tower
13:48 Watch Tower
15:57 Watch Tower
15:58 Watch Tower
16:30 War Mill
16:30 War Mill
16:58 Great Hall
17:16 Orc Burrow
17:17 Orc Burrow
17:48 Watch Tower
17:50 Watch Tower
18:11 Watch Tower
18:56 Watch Tower
» items
| Healing Salve | 2 | |
| Lesser Clarity Potion | 1 | |
| Scroll of Speed | 1 | |
| Boots of Speed | 1 | |
| Tiny Great Hall | 1 | |
| Scroll of Town Portal | 1 | |
| Orb of Lightning | 1 | |
8 total

»
DinDinGaGa (
red | 83 APM | 1593 actions | 19:12)
5 Blademaster
2 Wind Walk
3 Critical Strike
» actions
| Assign group hotkey | 30 | |
| Basic commands | 67 | |
| Build / train | 63 | |
| Enter build submenu | 24 | |
| Enter hero's abilities submenu | 5 | |
| Give item / drop item | 1 | |
| Remove unit from queue | 2 | |
| Right click | 611 | |
| Select / deselect | 230 | |
| Select group hotkey | 519 | |
| Use ability | 41 | |
1593 total
» units
| Peon | 12 | |
| Wind Rider | 12 | |
| Shaman | 10 | |
| Grunt | 2 | |
36 total
» upgrades
| Ranged Weapons | 3 | |
| Armor | 1 | |
| Shaman Training | 2 | |
| Envenomed Spears | 1 | |
| Witch Doctor Training | 0 | |
| Berserker Strength | 1 | |
| Melee Weapons | 1 | |
| Pillage | 1 | |
10 total
» buildings
| Orc Burrow | 6 | |
| Altar of Storms | 1 | |
| Voodoo Lounge | 1 | |
| War Mill | 1 | |
| Stronghold | 1 | |
| Beastiary | 2 | |
| Fortress | 1 | |
| Spirit Lodge | 1 | |
| Great Hall | 1 | |
| Barracks | 2 | |
17 total
» build order
00:13 Orc Burrow
00:19 Altar of Storms
01:22 Voodoo Lounge
02:18 War Mill
02:45 Stronghold
03:02 Orc Burrow
05:14 Beastiary
05:16 Beastiary
05:19 Orc Burrow
05:41 Fortress
06:27 Spirit Lodge
08:02 Orc Burrow
09:33 Great Hall
11:37 Orc Burrow
15:08 Barracks
15:10 Barracks
17:46 Orc Burrow
» items
| Lesser Clarity Potion | 3 | |
| Healing Salve | 2 | |
| Orb of Lightning | 1 | |
| Potion of Healing | 1 | |
7 total

»
OfficialBadBoy (
orange | 35 APM | 674 actions | 19:12)
3 Archmage
1 Summon Water Elemental
2 Brilliance Aura
» actions
| Build / train | 42 | |
| Enter build submenu | 21 | |
| Enter hero's abilities submenu | 3 | |
| Right click | 296 | |
| Select / deselect | 271 | |
| Use ability | 41 | |
674 total
» units
» upgrades
| Gunpowder | 3 | |
| Barrage | 1 | |
| Plating | 3 | |
| Lumber Harvesting | 2 | |
| Masonry | 1 | |
10 total
» buildings
| Keep | 1 | |
| Barracks | 1 | |
| Farm | 11 | |
| Altar of Kings | 1 | |
| Lumber Mill | 2 | |
| Blacksmith | 1 | |
| Workshop | 2 | |
| Castle | 1 | |
| Scout Tower | 7 | |
| Guard Tower | 3 | |
30 total
» build order
01:27 Keep
01:37 Barracks
01:43 Farm
01:47 Altar of Kings
02:18 Farm
02:26 Lumber Mill
02:38 Blacksmith
03:07 Farm
04:02 Farm
04:07 Workshop
04:22 Workshop
04:30 Lumber Mill
04:37 Farm
04:40 Farm
05:53 Castle
07:24 Farm
08:10 Farm
08:13 Farm
08:59 Farm
10:05 Farm
13:21 Scout Tower
13:23 Scout Tower
13:25 Scout Tower
13:26 Scout Tower
14:00 Guard Tower
15:26 Scout Tower
15:27 Scout Tower
15:28 Scout Tower
15:30 Guard Tower
18:25 Guard Tower
» items

»
HI_IM_NEWB (
purple | 59 APM | 1127 actions | 19:13)
4 Warden
2 Shadow Strike
2 Blink
3 Pandaren Brewmaster
2 Breath of Fire
1 Drunken Haze
» actions
| Assign group hotkey | 64 | |
| Basic commands | 87 | |
| Build / train | 60 | |
| ESC pressed | 1 | |
| Enter build submenu | 15 | |
| Enter hero's abilities submenu | 7 | |
| Give item / drop item | 1 | |
| Right click | 376 | |
| Select / deselect | 233 | |
| Select group hotkey | 231 | |
| Use ability | 52 | |
1127 total
» units
| Wisp | 11 | |
| Archer | 9 | |
| Huntress | 1 | |
| Druid of the Claw | 6 | |
27 total
» upgrades
| Ultravision | 1 | |
| Strength of the Wild | 3 | |
| Druid of the Claw Training | 2 | |
| Well Spring | 1 | |
| Mark of the Claw | 1 | |
| Reinforced Hides | 3 | |
11 total
» buildings
| Altar of Elders | 1 | |
| Ancient of War | 1 | |
| Moon Well | 7 | |
| Ancient of Wonders | 1 | |
| Tree of Ages | 1 | |
| Hunter's Hall | 1 | |
| Ancient of Lore | 2 | |
| Tree of Eternity | 1 | |
15 total
» build order
00:10 Altar of Elders
00:15 Ancient of War
00:25 Moon Well
02:26 Moon Well
03:20 Moon Well
03:52 Ancient of Wonders
03:59 Moon Well
04:38 Tree of Ages
05:07 Hunter's Hall
07:31 Ancient of Lore
07:34 Ancient of Lore
09:14 Tree of Eternity
10:17 Moon Well
10:24 Moon Well
10:30 Moon Well
» items
| Scroll of Town Portal | 2 | |
| Potion of Healing | 2 | |
| Staff of Preservation | 2 | |
| Orb of Venom | 1 | |
| Anti-magic Potion | 2 | |
9 total
Chat log
(00:05 / Allies) HI_IM_NEWB: lol green
(00:06 / Allies) HI_IM_NEWB: are you ghettO?
(00:07 / Allies) OfficialBadBoy: teching.
(00:10 / Allies) IAmIdrADoUGetIt: You bet your ass.
(00:12 / Allies) IAmIdrADoUGetIt: Who are you?
(00:13 / Allies) IAmIdrADoUGetIt: lol
(00:18 / Allies) HI_IM_NEWB: lol it's pies
(00:21 / Allies) IAmIdrADoUGetIt: riofl
(00:26 / Allies) IAmIdrADoUGetIt: Oh, this is gonna be good.
(00:29 / Allies) OfficialBadBoy: teching tanks
(00:29 / All) IAmIdrADoUGetIt: You smurfs all together?
(00:36 / Allies) HI_IM_NEWB: for once we're on the same team
(00:38 / Allies) IAmIdrADoUGetIt: hahahaha
(00:40 / Allies) IAmIdrADoUGetIt: This is awesome.
(00:42 / Allies) IAmIdrADoUGetIt: I love this so much.
(00:44 / Allies) HI_IM_NEWB: i'm not with anyone i just randomyl searched
(00:51 / Allies) HI_IM_NEWB: this isn't even a blank account
(01:00 / Allies) IAmIdrADoUGetIt: There's three level ones on the other team. lol
(01:03 / All) HI_IM_NEWB: loool
(01:08 / All) IAmIdrADoUGetIt: So by the way, yellow:
(01:09 / All) woah.dude.: lolool
(01:16 / All) IAmIdrADoUGetIt: Blue stabbed in the game we played.
(01:19 / All) IAmIdrADoUGetIt: It was three-versus-four.
(01:23 / All) IAmIdrADoUGetIt: Is there any reason you decided to tech?
(01:24 / Allies) HI_IM_NEWB: gettin warden
(01:27 / All) woah.dude.: udc
(01:31 / All) woah.dude.: idc
(01:33 / All) IAmIdrADoUGetIt: You should.
(01:37 / All) IAmIdrADoUGetIt: It would make you better at the game.
(01:40 / Allies) DinDinGaGa: WYN
(01:45 / All) woah.dude.: goot 1
(01:51 / All) IAmIdrADoUGetIt: I'm just saying.
(01:59 / All) IAmIdrADoUGetIt: Warcraft III Random Team is a psychology class.
(02:01 / All) IAmIdrADoUGetIt: I like psychology.
(02:11 / All) HI_IM_NEWB: *is listening to clubbed to death*
(02:13 / All) woah.dude.: stfu
(02:21 / All) IAmIdrADoUGetIt: I'm listening to yellow get mad at me./
(02:28 / Allies) HI_IM_NEWB: loool
(02:35 / All) APEsh1t: your not cool purp -_-
(02:44 / All) HI_IM_NEWB: hahahaha
(02:46 / All) HI_IM_NEWB: 0-2
(02:47 / All) IAmIdrADoUGetIt: You mad, bruh?
(02:48 / All) HI_IM_NEWB: ROOOFL
(02:52 / All) IAmIdrADoUGetIt: OHSNAP.JPG
(03:01 / All) APEsh1t: lul keep ragin fagboi Q
(03:01 / Allies) HI_IM_NEWB: fuck those centaur creps
(03:02 / Allies) HI_IM_NEWB: fuck em
(03:09 / All) HI_IM_NEWB: HELP
(03:10 / All) HI_IM_NEWB: NERF
(03:11 / All) HI_IM_NEWB: I"M UNDER ATTAC
(03:29 / All) IAmIdrADoUGetIt: Any of you gonna help pink?
(03:33 / Allies) HI_IM_NEWB: why
(03:37 / Allies) HI_IM_NEWB: wat's the problem with him
(03:42 / Allies) HI_IM_NEWB: oh
(03:43 / Allies) HI_IM_NEWB: he's on the other team
(03:47 / Allies) HI_IM_NEWB: LOl
(04:04 / Allies) HI_IM_NEWB: i like how i could tell it was you
(04:08 / Allies) HI_IM_NEWB: because of your idra name
(04:09 / Allies) IAmIdrADoUGetIt: lol
(04:10 / Allies) HI_IM_NEWB: noone else makes idra names
(04:10 / Allies) IAmIdrADoUGetIt: yeah
(04:11 / Allies) IAmIdrADoUGetIt: haha
(04:13 / Allies) OfficialBadBoy: lumber plz
(04:17 / Allies) HI_IM_NEWB: cept maybe idra
(04:25 / Allies) IAmIdrADoUGetIt: Pure does.
(04:25 / Allies) HI_IM_NEWB: but i envision him as the "war3 sucks" crowd
(04:25 / Allies) IAmIdrADoUGetIt: lol
(04:44 / Allies) HI_IM_NEWB: oh never seen him use sucha name lol
(04:53 / Allies) HI_IM_NEWB: then again i don't think i've ever played war3 with him
(05:01 / Allies) IAmIdrADoUGetIt: im out
(05:15 / Allies) HI_IM_NEWB: yeah i probably should have helped you attack huh
(05:16 / Allies) OfficialBadBoy: tp
(05:16 / Allies) OfficialBadBoy: tp
(05:18 / Allies) HI_IM_NEWB: instea dof just creeping greein shit
(05:20 / Allies) IAmIdrADoUGetIt: No.
(05:23 / All) woah.dude.: teeeeheeee
(05:28 / Allies) IAmIdrADoUGetIt: Not wasting a Town Portal on a level one hero.
(05:33 / Allies) OfficialBadBoy: i neeeds lumber
(05:35 / Allies) OfficialBadBoy: yeah
(05:37 / Allies) OfficialBadBoy: true
(05:43 / Allies) HI_IM_NEWB: i have a bad habit of doing htat
(05:45 / Allies) HI_IM_NEWB: i care about my heroes
(05:47 / Allies) IAmIdrADoUGetIt: Just watch for a counter on my base.
(05:47 / Allies) HI_IM_NEWB: \too much
(05:51 / Allies) HI_IM_NEWB: i'm omw
(06:12 / Allies) HI_IM_NEWB: got any wells?
(06:14 / Allies) HI_IM_NEWB: oh y'oure orc
(06:15 / Allies) HI_IM_NEWB: nvm
(06:19 / Allies) IAmIdrADoUGetIt: *sigh*
(06:25 / Allies) HI_IM_NEWB: :P
(06:28 / Allies) IAmIdrADoUGetIt: lol
(06:38 / Allies) HI_IM_NEWB: oh yeah kill those toers
(06:51 / Allies) OfficialBadBoy: i can has ring?
(06:53 / Allies) IAmIdrADoUGetIt: Gave you.
(07:00 / Allies) OfficialBadBoy: ty
(07:02 / Allies) IAmIdrADoUGetIt: Harass if you want.
(07:08 / Allies) OfficialBadBoy: let me level first
(07:14 / Allies) IAmIdrADoUGetIt: kk
(07:32 / Allies) OfficialBadBoy: lets hit
(07:33 / Allies) IAmIdrADoUGetIt: take clarity
(07:34 / Allies) HI_IM_NEWB: so yeha
(07:38 / Allies) HI_IM_NEWB: i guess i'll just make bears or somethin
(07:43 / Allies) HI_IM_NEWB: don't know how to do anything else as elf
(07:43 / Allies) OfficialBadBoy: get that prot
(07:51 / Allies) OfficialBadBoy: fuuuck
(07:54 / Allies) IAmIdrADoUGetIt: It's fine.
(07:59 / All) woah.dude.: sfu
(08:03 / All) OfficialBadBoy: NOU
(08:05 / All) OfficialBadBoy: BADK ID
(08:09 / All) IAmIdrADoUGetIt: Reported, yellow.
(08:13 / Allies) HI_IM_NEWB: brb getting panda
(08:15 / All) woah.dude.: u suck breh
(08:16 / Allies) OfficialBadBoy: kk
(08:23 / All) OfficialBadBoy: NO I DONT
(08:28 / Allies) OfficialBadBoy: tanks on the way.
(08:28 / Allies) OfficialBadBoy: wel
(08:29 / Allies) OfficialBadBoy: kinda
(08:36 / Allies) HI_IM_NEWB: k omw to defend ur base!!!!!!!!
(08:41 / Allies) HI_IM_NEWB: nvm they're not attacking
(08:42 / Allies) OfficialBadBoy: :D
(08:50 / Allies) OfficialBadBoy: but if they were
(08:52 / Allies) OfficialBadBoy: youd help right?
(08:54 / Allies) HI_IM_NEWB: yea
(08:56 / Allies) OfficialBadBoy: Dx
(08:58 / Allies) HI_IM_NEWB: for sure man
(09:08 / Allies) OfficialBadBoy: i got arrested tonight:(
(09:10 / Allies) OfficialBadBoy: well
(09:10 / Allies) OfficialBadBoy: kinda
(09:26 / Allies) IAmIdrADoUGetIt: We ain't holding it against you.
(09:29 / Allies) IAmIdrADoUGetIt: Unless we lose, obviously.
(09:31 / Allies) OfficialBadBoy: kk:)
(09:41 / Allies) HI_IM_NEWB: i need bearsssss
(09:46 / Allies) HI_IM_NEWB: ty
(09:49 / Allies) OfficialBadBoy: mhm
(10:51 / Allies) DinDinGaGa: back
(11:16 / Allies) HI_IM_NEWB: fuck my heroes died
(11:23 / Allies) IAmIdrADoUGetIt: Nice job.
(11:28 / Allies) HI_IM_NEWB: mah bad
(11:37 / Allies) HI_IM_NEWB: way too focused on trying to kill that 20hp mk
(11:44 / Allies) IAmIdrADoUGetIt: Gonna need lumber here in a second.
(12:06 / Allies) IAmIdrADoUGetIt: Thanks/.
(12:09 / Allies) OfficialBadBoy: mhm
(12:10 / Allies) HI_IM_NEWB: i think we can still do this
(12:18 / Allies) IAmIdrADoUGetIt: Do what? We're fine.
(12:24 / All) OfficialBadBoy: broke into the vatican, strangled the pope with his rossary.
(12:27 / Allies) HI_IM_NEWB: yeah
(12:29 / Allies) HI_IM_NEWB: that
(12:40 / All) woah.dude.: ur cool.
(12:40 / All) APEsh1t: when
(12:51 / Allies) HI_IM_NEWB: anoyne got spare wood?
(12:52 / Allies) HI_IM_NEWB: red?
(12:54 / Allies) DinDinGaGa: im ready
(13:00 / Allies) IAmIdrADoUGetIt: brt.
(13:05 / Allies) OfficialBadBoy: sec ill send tanks over
(13:23 / Allies) HI_IM_NEWB: fuck
(13:25 / Allies) HI_IM_NEWB: teals here
(13:39 / Allies) IAmIdrADoUGetIt: Let's clear those.
(13:46 / Allies) HI_IM_NEWB: omw to your base oj
(14:17 / Allies) HI_IM_NEWB: he left
(14:20 / All) OfficialBadBoy: lol yello bro
(14:22 / All) OfficialBadBoy: u dun goofd
(14:31 / Allies) IAmIdrADoUGetIt: Right thar.
(14:33 / Allies) HI_IM_NEWB: i'll hit yellows bae
(14:37 / Allies) HI_IM_NEWB: tell me if i'm needed at the right sied
(14:37 / Allies) IAmIdrADoUGetIt: kk
(15:26 / All) woah.dude.: gg
(15:28 / All) IAmIdrADoUGetIt: g
(15:29 / All) IAmIdrADoUGetIt: gg
(15:31 / All) HI_IM_NEWB: gg
(15:37 / Allies) DinDinGaGa: win
(15:39 / All) IAmIdrADoUGetIt: Wanna do one more after this?
(15:42 / Allies) HI_IM_NEWB: sure
(15:44 / All) OfficialBadBoy: watch replay
(15:45 / All) IAmIdrADoUGetIt: Sorry, to allies.
(15:46 / All) IAmIdrADoUGetIt: o.o
(15:46 / All) OfficialBadBoy: pro tech
(16:01 / All) APEsh1t: pro faggot alert
(16:06 / All) IAmIdrADoUGetIt: What?
(16:10 / All) HI_IM_NEWB: LOL
(16:12 / All) HI_IM_NEWB: wat r u
(16:12 / All) IAmIdrADoUGetIt: I'd rather be an elitist than bad.
(16:15 / All) HI_IM_NEWB: copper league?
(16:17 / All) OfficialBadBoy: lol u mad?
(16:33 / All) HI_IM_NEWB: even in bronze
(16:35 / Allies) IAmIdrADoUGetIt: Lumber me, son.
(16:38 / All) HI_IM_NEWB: you wouldn't see people with 0-2
(16:45 / All) HI_IM_NEWB: probably because they're still doing their placements at that point
(16:48 / Allies) IAmIdrADoUGetIt: lol
(17:13 / Allies) IAmIdrADoUGetIt: By the way, I'm working on that new shitlist article.
(17:19 / Allies) HI_IM_NEWB: cool
(17:27 / Allies) IAmIdrADoUGetIt: Shouldn't take long, since I'm going to be recycling some content.
(17:34 / Allies) HI_IM_NEWB: undertsandable
(17:51 / Allies) HI_IM_NEWB: oh shit they have chims
(17:56 / Allies) IAmIdrADoUGetIt: I care.
(18:22 / All) IAmIdrADoUGetIt: I SURE HOPE BATS COUNTER CHIMS
(18:40 / All) IAmIdrADoUGetIt: rofl
(18:42 / Allies) HI_IM_NEWB: apparently they do
(19:07 / All) Ellusionist: gg
(19:10 / All) IAmIdrADoUGetIt: gg
(19:10 / All) HI_IM_NEWB: gg